TOP OF THE 1ST |
Wilmington Bay Hawks batting - Pitching for Augusta Timber Hawks : RHP Fraser Cuevas
|
Pitching: RHP Fraser Cuevas
|
|
Batting: LHB Ray Schneider
|
0-0: Called Strike 0-1: Ball 1-1: Foul Ball, location: 2F 1-2: Ball 2-2: Foul Ball, location: 2F 2-2: Foul Ball, location: 2F 2-2: Foul Ball, location: 2F 2-2: Ball 3-2: Strikes out looking
|
Batting: RHB António Prieto
|
0-0: Ball 1-0: Ball 2-0: SINGLE (Flyball, 7S)
|
Batting: SHB Felipe González
|
0-0: Foul Ball, location: 2F 0-1: SINGLE (Line Drive, 4MD) António Prieto to second
|
Batting: SHB José Martínez
|
0-0: Ball 1-0: Ball 2-0: Called Strike 2-1: Ball 3-1: Base on Balls António Prieto to third Felipe González to second
|
Batting: RHB Jorge Rocha
|
0-0: Ball 1-0: Ball 2-0: Ball 3-0: Base on Balls António Prieto scores Felipe González to third José Martínez to second
|
Batting: LHB Aubrey Reese
|
0-0: Fly out, F8 (Flyball, 8LM) Runner from 3rd tags up, SCORES, throw made
|
Batting: RHB Jason Nicholson
|
0-0: Ball 1-0: Called Strike 1-1: Ball 2-1: Foul Ball, location: 2F 2-2: Strikes out swinging
|
Top of the 1st over - 2 run(s), 2 hit(s), 0 error(s), 2 left on base; Wilmington 2 - Augusta 0 |
BOTTOM OF THE 1ST |
Augusta Timber Hawks batting - Pitching for Wilmington Bay Hawks : RHP Jim Unknown
|
Pitching: RHP Jim Unknown
|
|
Batting: LHB Mike Hanson
|
0-0: Ball 1-0: Ball 2-0: Foul Ball, location: 2F 2-1: Foul Ball, location: 2F 2-2: SINGLE (Line Drive, 9LS)
|
Batting: RHB Tom Strickland
|
0-0: Ball 1-0: Ball 2-0: Foul Ball, location: 2F 2-1: Ball 3-1: Base on Balls Mike Hanson to second
|
Batting: LHB Juan Rodríguez
|
0-0: Called Strike 0-1: Ground out 4-3 (Groundball, 4M) Mike Hanson to third Tom Strickland to second
|
Batting: SHB Lawrence Franklin
|
0-0: Called Strike 0-1: Ground out 1-3 (Groundball, 15S)
|
Batting: RHB Phil Hayes
|
0-0: Fly out, F9 (Flyball, 9LM)
|
Bottom of the 1st over - 0 run(s), 1 hit(s), 0 error(s), 2 left on base; Wilmington 2 - Augusta 0 |
TOP OF THE 2ND |
Wilmington Bay Hawks batting - Pitching for Augusta Timber Hawks : RHP Fraser Cuevas
|
Batting: RHB Jim Unknown
|
0-0: Ball 1-0: SINGLE (Line Drive, 4MD)
|
Batting: LHB Nari Corelli
|
0-0: Ball 1-0: Called Strike 1-1: Called Strike 1-2: Foul Ball, location: 2F 1-2: SINGLE (Groundball, 56D) (infield hit) Jim Unknown to second
|
Batting: LHB Ray Schneider
|
0-0: DOUBLE (Groundball, 3L) Jim Unknown scores Nari Corelli to third
|
Batting: RHB António Prieto
|
0-0: Ball 1-0: Foul Ball, location: 2F 1-1: Ground out 1-3 (Groundball, 15)
|
Batting: SHB Felipe González
|
0-0: Ball 1-0: Called Strike 1-1: Ball 2-1: Foul Ball, location: 2F 2-2: Strikes out swinging
|
Batting: SHB José Martínez
|
0-0: Ball 1-0: Fly out, F8 (Flyball, 8LS)
|
Top of the 2nd over - 1 run(s), 3 hit(s), 0 error(s), 2 left on base; Wilmington 3 - Augusta 0 |
BOTTOM OF THE 2ND |
Augusta Timber Hawks batting - Pitching for Wilmington Bay Hawks : RHP Jim Unknown
|
Batting: SHB José Salazar
|
0-0: Called Strike 0-1: Swinging Strike 0-2: Ball 1-2: Ball 2-2: Ground out 4-3 (Groundball, 4M)
|
Batting: RHB Juan Banda
|
0-0: Ground out 4-3 (Groundball, 4)
|
Batting: RHB Victor Haley
|
0-0: Swinging Strike 0-1: Swinging Strike 0-2: Strikes out swinging
|
Bottom of the 2nd over - 0 run(s), 0 hit(s), 0 error(s), 0 left on base; Wilmington 3 - Augusta 0 |
TOP OF THE 3RD |
Wilmington Bay Hawks batting - Pitching for Augusta Timber Hawks : RHP Fraser Cuevas
|
Batting: RHB Jorge Rocha
|
0-0: Ground out 1-3 (Groundball, 15S)
|
Batting: LHB Aubrey Reese
|
0-0: Ball 1-0: Ball 2-0: Called Strike 2-1: Fly out, F8 (Flyball, 78S)
|
Batting: RHB Jason Nicholson
|
0-0: Called Strike 0-1: Ball 1-1: Ball 2-1: Fly out, F8 (Flyball, 8LD)
|
Top of the 3rd over - 0 run(s), 0 hit(s), 0 error(s), 0 left on base; Wilmington 3 - Augusta 0 |
BOTTOM OF THE 3RD |
Augusta Timber Hawks batting - Pitching for Wilmington Bay Hawks : RHP Jim Unknown
|
Batting: RHB Billy Strauss
|
0-0: Swinging Strike 0-1: Ground out 6-3 (Groundball, 6S)
|
Batting: LHB Mike Hanson
|
0-0: Called Strike 0-1: Foul Ball, location: 2F 0-2: Ball 1-2: Ground out 1-3 (Groundball, 13S)
|
Batting: RHB Tom Strickland
|
0-0: Ball 1-0: Ball 2-0: DOUBLE (Line Drive, 9LS)
|
Batting: LHB Juan Rodríguez
|
0-0: Ball 1-0: Called Strike 1-1: Swinging Strike 1-2: Strikes out swinging
|
Bottom of the 3rd over - 0 run(s), 1 hit(s), 0 error(s), 1 left on base; Wilmington 3 - Augusta 0 |
TOP OF THE 4TH |
Wilmington Bay Hawks batting - Pitching for Augusta Timber Hawks : RHP Fraser Cuevas
|
Batting: RHB Jim Unknown
|
0-0: Ball 1-0: DOUBLE (Line Drive, 7LM)
|
Batting: LHB Nari Corelli
|
0-0: Called Strike 0-1: Fly out, F9 (Flyball, 9M)
|
Batting: LHB Ray Schneider
|
0-0: Ball 1-0: Ball 2-0: Ball 3-0: Called Strike 3-1: Called Strike 3-2: Fly out, F8 (Flyball, 8RXD) Runner from 2nd tags up, SAFE at 3rd, no throw
|
Batting: RHB António Prieto
|
0-0: Ball 1-0: Ground out 6-3 (Groundball, 6M)
|
Top of the 4th over - 0 run(s), 1 hit(s), 0 error(s), 1 left on base; Wilmington 3 - Augusta 0 |
BOTTOM OF THE 4TH |
Augusta Timber Hawks batting - Pitching for Wilmington Bay Hawks : RHP Jim Unknown
|
Batting: SHB Lawrence Franklin
|
0-0: Called Strike 0-1: Ball 1-1: Foul Ball, location: 2F 1-2: Ball 2-2: Ball 3-2: Fly out, F7 (Flyball, 78M)
|
Batting: RHB Phil Hayes
|
0-0: Called Strike 0-1: Fly out, F9 (Flyball, 89XD)
|
Batting: SHB José Salazar
|
0-0: Called Strike 0-1: Ball 1-1: Foul Ball, location: 2F 1-2: Foul Ball, location: 2F 1-2: Fly out, F5 (Popup, 2L)
|
Bottom of the 4th over - 0 run(s), 0 hit(s), 0 error(s), 0 left on base; Wilmington 3 - Augusta 0 |
TOP OF THE 5TH |
Wilmington Bay Hawks batting - Pitching for Augusta Timber Hawks : RHP Fraser Cuevas
|
Batting: SHB Felipe González
|
0-0: Ball 1-0: Called Strike 1-1: Ball 2-1: Ball 3-1: Foul Ball, location: 2F 3-2: Foul Ball, location: 2F 3-2: Foul Ball, location: 2F 3-2: Base on Balls
|
Batting: SHB José Martínez
|
0-0: Foul Ball, location: 2F 0-1: Ball 1-1: Grounds into double play, U6-3 (Groundball, 6M)
|
Batting: RHB Jorge Rocha
|
0-0: Ball 1-0: Swinging Strike 1-1: SINGLE (Line Drive, 7S)
|
Batting: LHB Aubrey Reese
|
0-0: Ball 1-0: Ball 2-0: Ball 3-0: Called Strike 3-1: Base on Balls Jorge Rocha to second
|
Batting: RHB Jason Nicholson
|
0-0: Ball 1-0: Foul Ball, location: 2F 1-1: Called Strike 1-2: Strikes out swinging
|
Top of the 5th over - 0 run(s), 1 hit(s), 0 error(s), 2 left on base; Wilmington 3 - Augusta 0 |
BOTTOM OF THE 5TH |
Augusta Timber Hawks batting - Pitching for Wilmington Bay Hawks : RHP Jim Unknown
|
Batting: RHB Juan Banda
|
0-0: Foul Ball, location: 2F 0-1: Ball 1-1: SINGLE (Line Drive, 56)
|
Batting: RHB Victor Haley
|
0-0: Swinging Strike 0-1: Ground out 4-3 (Groundball, 13) Juan Banda to second
|
Batting: RHB Billy Strauss
|
0-0: Ball 1-0: Ground out 6-3 (Groundball, 6)
|
Batting: LHB Mike Hanson
|
0-0: Ball 1-0: Called Strike 1-1: Fly out, F8 (Flyball, 78M)
|
Bottom of the 5th over - 0 run(s), 1 hit(s), 0 error(s), 1 left on base; Wilmington 3 - Augusta 0 |
TOP OF THE 6TH |
Wilmington Bay Hawks batting - Pitching for Augusta Timber Hawks : RHP Fraser Cuevas
|
Batting: RHB Jim Unknown
|
0-0: Ball 1-0: Ball 2-0: Called Strike 2-1: Ball 3-1: Foul Ball, location: 2F 3-2: Foul Ball, location: 2F 3-2: Strikes out swinging
|
Batting: LHB Nari Corelli
|
0-0: Called Strike 0-1: Ball 1-1: Ground out 1-3 (Groundball, 34S)
|
Batting: LHB Ray Schneider
|
0-0: Called Strike 0-1: Ball 1-1: Foul Ball, location: 2F 1-2: Ball 2-2: Foul Ball, location: 2F 2-2: SINGLE (Groundball, 34D)
|
Pitching: RHP Jorge Guerrero
|
|
Batting: RHB António Prieto
|
0-0: Fly out, F7 (Flyball, 78M)
|
Top of the 6th over - 0 run(s), 1 hit(s), 0 error(s), 1 left on base; Wilmington 3 - Augusta 0 |
BOTTOM OF THE 6TH |
Augusta Timber Hawks batting - Pitching for Wilmington Bay Hawks : RHP Jim Unknown
|
Batting: RHB Tom Strickland
|
0-0: Foul Ball, location: 2F 0-1: Swinging Strike 0-2: Ball 1-2: Ball 2-2: Fly out, F9 (Flyball, 9LM)
|
Batting: LHB Juan Rodríguez
|
0-0: Called Strike 0-1: Ball 1-1: Ground out 6-3 (Groundball, 6MS)
|
Batting: SHB Lawrence Franklin
|
0-0: Ball 1-0: Fly out, F8 (Flyball, 8LM)
|
Bottom of the 6th over - 0 run(s), 0 hit(s), 0 error(s), 0 left on base; Wilmington 3 - Augusta 0 |
TOP OF THE 7TH |
Wilmington Bay Hawks batting - Pitching for Augusta Timber Hawks : RHP Jorge Guerrero
|
Batting: SHB Felipe González
|
0-0: Ball 1-0: Ball 2-0: Foul Ball, location: 2F 2-1: Swinging Strike 2-2: Ball 3-2: Foul Ball, location: 2F 3-2: Foul Ball, location: 2F 3-2: DOUBLE (Flyball, 7D)
|
Batting: SHB José Martínez
|
0-0: Intentional Walk
|
Batting: RHB Jorge Rocha
|
0-0: Called Strike 0-1: Ball 1-1: Foul Ball, location: 2F 1-2: Strikes out swinging
|
Batting: LHB Aubrey Reese
|
0-0: Ball Wild Pitch! Felipe González to third José Martínez to second 1-0: Ground out 3-1 (Groundball, 34)
|
Batting: RHB Jason Nicholson
|
0-0: Called Strike 0-1: Swinging Strike 0-2: Strikes out swinging
|
Top of the 7th over - 0 run(s), 1 hit(s), 0 error(s), 2 left on base; Wilmington 3 - Augusta 0 |
BOTTOM OF THE 7TH |
Augusta Timber Hawks batting - Pitching for Wilmington Bay Hawks : RHP Jim Unknown
|
Batting: RHB Phil Hayes
|
0-0: Ground out 4-3 (Groundball, 4)
|
Batting: SHB José Salazar
|
0-0: Fly out, F7 (Flyball, 7M)
|
Batting: RHB Juan Banda
|
0-0: Ball 1-0: Foul Ball, location: 2F 1-1: Foul Ball, location: 2F 1-2: Fly out, F7 (Flyball, 7M)
|
Bottom of the 7th over - 0 run(s), 0 hit(s), 0 error(s), 0 left on base; Wilmington 3 - Augusta 0 |
TOP OF THE 8TH |
Wilmington Bay Hawks batting - Pitching for Augusta Timber Hawks : RHP Jorge Guerrero
|
Batting: RHB Jim Unknown
|
0-0: Ball 1-0: Ball 2-0: Foul Ball, location: 2F 2-1: Ball 3-1: Fly out, F9 (Flyball, 9D)
|
Batting: LHB Nari Corelli
|
0-0: Ball 1-0: Foul Ball, location: 2F 1-1: Swinging Strike 1-2: Strikes out swinging
|
Batting: LHB Ray Schneider
|
0-0: Ground out 4-3 (Groundball, 4)
|
Top of the 8th over - 0 run(s), 0 hit(s), 0 error(s), 0 left on base; Wilmington 3 - Augusta 0 |
BOTTOM OF THE 8TH |
Augusta Timber Hawks batting - Pitching for Wilmington Bay Hawks : RHP Jim Unknown
|
Batting: RHB Victor Haley
|
0-0: Ground out 1-3 (Groundball, 15)
|
Batting: RHB Billy Strauss
|
0-0: SOLO HOME RUN (Flyball, 78XD), Distance : 451 ft
|
Batting: LHB Mike Hanson
|
0-0: Ball 1-0: Ball 2-0: SINGLE (Flyball, 6MD)
|
Batting: RHB Tom Strickland
|
0-0: Ball 1-0: Called Strike 1-1: Called Strike 1-2: Ball 2-2: Strikes out swinging
|
Batting: LHB Juan Rodríguez
|
0-0: Ball 1-0: Ball 2-0: Called Strike 2-1: Swinging Strike 2-2: Foul Ball, location: 2F 2-2: Fly out, F8 (Flyball, 8LM)
|
Bottom of the 8th over - 1 run(s), 2 hit(s), 0 error(s), 1 left on base; Wilmington 3 - Augusta 1 |
TOP OF THE 9TH |
Wilmington Bay Hawks batting - Pitching for Augusta Timber Hawks : RHP Jorge Guerrero
|
Pitching: RHP Henri Pollini
|
|
Batting: RHB António Prieto
|
0-0: Ball 1-0: Called Strike 1-1: Swinging Strike 1-2: Foul Ball, location: 2F 1-2: Strikes out looking
|
Batting: SHB Felipe González
|
0-0: Ball 1-0: Called Strike 1-1: Foul Ball, location: 2F 1-2: Foul Ball, location: 2F 1-2: Ball 2-2: Fly out, F3 (Popup, 3F)
|
Batting: SHB José Martínez
|
0-0: Ball 1-0: SINGLE (Line Drive, 4MD)
|
Batting: RHB Jorge Rocha
|
0-0: Swinging Strike 0-1: Ball 1-1: Ball 2-1: Ball 3-1: Ground out 2-3 (Groundball, 2L)
|
Top of the 9th over - 0 run(s), 1 hit(s), 0 error(s), 1 left on base; Wilmington 3 - Augusta 1 |
BOTTOM OF THE 9TH |
Augusta Timber Hawks batting - Pitching for Wilmington Bay Hawks : RHP Jim Unknown
|
Pitching: RHP Nate Connolly
|
|
Batting: SHB Lawrence Franklin
|
0-0: Ball 1-0: Fly out, F6 (Popup, 6MD)
|
Batting: RHB Phil Hayes
|
0-0: Ball 1-0: Called Strike 1-1: Swinging Strike 1-2: Ball 2-2: Foul Ball, location: 2F 2-2: Ground out 4-3 (Groundball, 4)
|
Batting: SHB José Salazar
|
0-0: Foul Ball, location: 2F 0-1: Foul Ball, location: 2F 0-2: Ball 1-2: Ball 2-2: Strikes out swinging
|
Bottom of the 9th over - 0 run(s), 0 hit(s), 0 error(s), 0 left on base; Wilmington 3 - Augusta 1 |
|